 Dungeon Crawl Stone Soup version 0.30-a0-626-gd6a5dd7a1f (webtiles) character file.

Game seed: 5409639670193453870

168 Conn the Firebug (level 5, -1/33 HPs)
             Began as an Octopode Fire Elementalist on Jan 11, 2023.
             Slain by Ijyb
             ... wielding a +0 club
              (7 damage)
             ... on level 3 of the Dungeon.
             The game lasted 00:04:50 (2630 turns).

Conn the Firebug (Octopode Fire Elementalist)       Turns: 2630, Time: 00:04:50

Health: -1/33      AC: -3    Str:  7    XL:     5   Next: 49%
Magic:  0/9        EV: 13    Int: 19    God:
Gold:   93         SH:  0    Dex: 13    Spells: 4/10 levels left

rFire   . . .      SeeInvis .    a - staff of poison
rCold   . . .      Faith    .    (no shield)
rNeg    + . .      Spirit   .    (helmet restricted)
rPois   +          Reflect  .    (no amulet)
rElec   .          Harm     .    f - ring of positive energy
rCorr   .          Rampage  .    (no ring)
Will    .....                    (no ring)
Stlth   +++                      (no ring)
HPRegen 0.25/turn                (no ring)
MPRegen 0.11/turn                (no ring)
                                 (no ring)
                                 (no ring)

@: corroded
A: almost no armour, amphibious, 8 rings, camouflage 1, gelatinous body 1,
(nimble swimmer 1), tentacles
a: no special abilities


You were on level 3 of the Dungeon.
You visited 1 branch of the dungeon, and saw 3 of its levels.

You collected 93 gold pieces.

Inventory:

Hand Weapons
 b - a +2 dagger of speed
Magical Staves
 a - a staff of poison (weapon)
Jewellery
 f - a ring of positive energy (left tentacle)
 j - a +4 ring of slaying
Scrolls
 c - 2 scrolls of teleportation {unknown}
 g - 2 scrolls of identify {unknown}
 k - a scroll of magic mapping {unknown}
 l - a scroll of summoning {unknown}
Potions
 d - 2 potions of curing
 e - a potion of invisibility {unknown}
 h - a potion of magic
 i - 2 potions of lignification {unknown}
 m - a potion of heal wounds {unknown}


   Skills:
 + Level 1.1 Fighting
 + Level 0.6 Staves
 + Level 2.1 Dodging
 + Level 3.3 Stealth
 + Level 0.5 Unarmed Combat
 + Level 3.2 Spellcasting
 + Level 2.2 Conjurations
 + Level 4.0 Fire Magic


You had 4 spell levels left.
You knew the following spells:

 Your Spells              Type           Power      Damage    Failure   Level
a - Foxfire               Conj/Fire      56%        2x1d6     4%          1
b - Kindle Blastsparks    Fire/Tloc/Air  16%        2d11      26%         3
e - Scorch                Fire           36%        2d7       4%          2

Your spell library contained the following spells:

 Spells                   Type           Power      Damage    Failure   Level
 Sting                    Tmut/Pois      16%        1d3       16%         1
 Summon Small Mammal      Summ           12%        N/A       16%         1
 Inner Flame              Hex/Fire       10%        N/A       21%         3
 Poisonous Vapours        Pois/Air       8%         N/A       22%         2
 Dazzling Flash           Conj/Hex       14%        N/A       28%         3
 Flame Wave               Conj/Fire      14%        2d6       38%         4
 Call Canine Familiar     Summ           3%         N/A       41%         3
 Summon Guardian Golem    Hex/Summ       3%         N/A       41%         3
 Olgreb's Toxic Radiance  Pois           4%         N/A       83%         4
 Agony                    Necr           3%         N/A       99%         5
 Silence                  Hex/Air        1%         N/A       99%         5


Dungeon Overview and Level Annotations

Branches:
Dungeon (3/15)

Altars:
Ru

Annotations:
D:3 Ijyb


Innate Abilities, Weirdness & Mutations

You cannot wear most types of armour.
You are amphibious.
You can wear up to eight rings at the same time.
Your skin changes colour to match your surroundings (Stealth+).
Your rubbery body absorbs attacks. (AC +1, EV +1)
((You are camouflaged when in or above water. (Stealth+)))
You have tentacles for arms and can constrict up to eight enemies at once.


Message History

You conjure some foxfire!
Ijyb hits you with a +0 club.
Unknown command.
You barely miss Ijyb. You grab Ijyb. You squeeze Ijyb, but do no damage.
Ijyb is almost dead.
You constrict Ijyb, but do no damage.
The foxfire hits Ijyb but does no damage.
Ijyb is almost dead.
The foxfire hits Ijyb.
Ijyb is almost dead.
Ijyb zaps a wand.
The bolt of acid hits you!!
Ouch! That really hurt!
* * * LOW HITPOINT WARNING * * *
Unknown command.
Okay, then.
You hit Ijyb.
Ijyb is almost dead.
You constrict Ijyb, but do no damage. Ijyb hits you with a +0 club.
* * * LOW HITPOINT WARNING * * *
Okay, then.
Unknown command.
Unknown command.
It was a potion of curing.
You feel better.
You constrict Ijyb, but do no damage.
Ijyb is no longer more vulnerable to fire.
Ijyb closely misses you.
Casting: Foxfire (safe; 4% risk of failure)
Confirm with . or Enter, or press ? or * to list all spells.
You conjure some foxfire!
You constrict Ijyb, but do no damage.
Ijyb zaps a wand.
The bolt of acid hits you.
* * * LOW HITPOINT WARNING * * *
The acid corrodes you!
You hit Ijyb but do no damage.
Ijyb is almost dead.
You constrict Ijyb.
The foxfire hits Ijyb but does no damage.
Ijyb is almost dead.
The foxfire hits Ijyb but does no damage.
Ijyb is almost dead.
Ijyb hits you with a +0 club!
You die...

#######
#....<#
#.....# ###
#.....#
...†.##§....#
.......@....#
###...g.##+##
#...#..
..........
.##..######
#.. #. ##


You could see Ijyb.

Vanquished Creatures
  A phantom (D:2)
  3 adders (D:2)
  A worm (D:2)
  4 dart slugs
  5 endoplasms
  3 giant cockroaches (D:1)
  9 goblins
  9 hobgoblins
  A jackal (D:2)
  3 ball pythons
  3 bats
  3 frilled lizards (D:1)
  5 kobolds
  3 rats
53 creatures vanquished.

Vanquished Creatures (collateral kills)
  3 foxfires (D:1)
3 creatures vanquished.

Vanquished Creatures (others)
  124 foxfires
  A plant (D:1)
125 creatures vanquished.

Grand Total: 181 creatures vanquished

Notes
Turn   | Place    | Note
-------+----------+-------------------------------------------
     0 | D:1      | Conn the Octopode Fire Elementalist began the quest for the
                  | Orb.
     0 | D:1      | Reached XP level 1. HP: 11/11 MP: 3/3
   348 | D:1      | Reached XP level 2. HP: 17/17 MP: 0/5
  1245 | D:1      | Reached XP level 3. HP: 20/21 MP: 4/6
  1451 | D:2      | Found a sacrificial altar of Ru.
  1843 | D:2      | Reached XP level 4. HP: 16/27 MP: 0/7
  2440 | D:2      | Noticed a phantom
  2479 | D:3      | Learned a level 2 spell: Scorch
  2483 | D:3      | Learned a level 3 spell: Kindle Blastsparks
  2493 | D:2      | Killed a phantom
  2494 | D:2      | Reached skill level 1 in Fighting
  2494 | D:2      | Reached XP level 5. HP: 18/33 MP: 1/9
  2496 | D:2      | Reached skill level 4 in Fire Magic
  2617 | D:3      | Noticed Ijyb
  2630 | D:3      | Slain by Ijyb

Illustrated notes

Levels and vault maps discovered:
D:1:      dpeg_cavernosity, layout_basic, serial_forest,
          infiniplex_forest_lined_4_way, infiniplex_forest_straight_3,
          infiniplex_forest_clump_cross, infiniplex_forest_clump_diagonal,
          infiniplex_forest_lined_corner, infiniplex_forest_straight_2,
          infiniplex_forest_straight_2, infiniplex_forest_corner_1,
          infiniplex_forest_straight_2, infiniplex_forest_lined_2
D:2:      minmay_razor_zed, layout_basic, basic_altar, st_stairs_12
D:3:      layout_basic, serial_shops, shop, nicolae_shop_statue_plus,
          roderic_lattice_a, hangedman_decor_points, minmay_joined_circles,
          uniq_ijyb, uniq_crazy_yiuf_cottage, uniq_sigmund

Skill      XL: |  1  2  3  4  5 |
---------------+----------------+-----
Conjurations   | 2 |  2.2
Stealth        | 3 |  3.3
Fighting       | 1 |  1.1
Spellcasting   | 3 |  3.2
Fire Magic     | 4 |  4.0
Staves         | |  0.6
Dodging        | |  2.1
Unarmed Combat | |  0.5

Action                   |  1- 3 |  4- 6 || total
-------------------------+-------+-------++-------
Melee: Unarmed           |    10 |       ||    10
       Constrict         |     6 |     6 ||    12
       Tentacles         |     3 |    10 ||    13
       Punch             |     1 |       ||     1
       Staff             |    22 |    15 ||    37
 Cast: Foxfire           |    58 |    20 ||    78
       Scorch            |       |     4 ||     4
  Use: Potion            |       |     1 ||     1
 Stab: Sleeping          |     2 |     1 ||     3
Armor: Skin              |     6 |       ||     6
Dodge: Dodged            |    26 |    14 ||    40

Table legend: (Time is in decaauts)
 A = Elapsed time spent in this place.
 B = Non-inter-level travel time spent in this place.
 C = Inter-level travel time spent in this place.
 D = Time resting spent in this place.
 E = Time spent auto-exploring this place.
 F = Levels seen in this place.
 G = Mean time per level.
                   A        B        C        D        E       F      G
               +--------+--------+--------+--------+--------+-----+--------+
         Total |   2636 |   2555 |     81 |      0 |   2034 |   3 |  878.7 |
       Dungeon |   2636 |   2555 |     81 |      0 |   2034 |   3 |  878.7 |
               +--------+--------+--------+--------+--------+-----+--------+

Top non-repeatable levels by time:
     D:1: 1441 daAuts
     D:2: 1168 daAuts
     D:3: 26 daAuts
